 Dungeon Crawl Stone Soup version 0.23-a0-607-g760965b753 (webtiles) character file.

9986 Maize the Cleaver (level 11, -4/101 HPs)
             Began as a Minotaur Fighter on Dec 20, 2018.
             Was a High Priest of Okawaru.
             Killed from afar by an electric eel (10 damage)
             ... with a bolt of electricity
             ... on level 1 of the Lair of Beasts.
             The game lasted 00:18:14 (12467 turns).

Maize the Cleaver (Minotaur Fighter)               Turns: 12467, Time: 00:18:14

Health: -4/101     AC: 20    Str: 26    XL:     11   Next: 30%
Magic:  12/13      EV: 10    Int:  5    God:    Okawaru [*****.]
Gold:   516        SH:  0    Dex: 12    Spells: 10/10 levels left

rFire    . . .     SeeInvis .   I - +0 battleaxe
rCold    + . .     Gourm    .   (shield currently unavailable)
rNeg     . . .     Faith    .   m - +0 plate armour
rPois    .         Spirit   .   (helmet restricted)
rElec    .         Reflect  .   l - +0 cloak
rCorr    .         Harm     .   (no gloves)
MR       +....                  J - +0 pair of boots
Stlth    ..........             (no amulet)
HPRegen  0.26/turn              s - ring of protection from magic
MPRegen  0.13/turn              O - ring of protection from cold

@: heroism
A: retaliatory headbutt, horns 2, agile 1, strong 1
a: Heroism, Finesse, Renounce Religion


You were on level 1 of the Lair of Beasts.
You worshipped Okawaru.
Okawaru was extremely pleased with you.
You were hungry.

You visited 3 branches of the dungeon, and saw 13 of its levels.

You collected 516 gold pieces.

Inventory:

Hand Weapons
 a - a +0 war axe
 I - a +0 battleaxe (weapon)
Armour
 l - a +0 cloak (worn)
 m - a +0 plate armour (worn)
 J - a +0 pair of boots (worn)
Jewellery
 s - a ring of protection from magic (left hand)
 O - a ring of protection from cold (right hand)
Wands
 o - a wand of acid (5)
 r - a wand of disintegration (8)
 F - a wand of polymorph (6)
Scrolls
 b - 2 scrolls of enchant armour
 g - 6 scrolls of remove curse
 k - 3 scrolls of amnesia
 p - a scroll of blinking {unknown}
 q - 4 scrolls of teleportation
 u - a scroll of fog {unknown}
 v - a scroll of random uselessness {unknown}
 x - a scroll of magic mapping {unknown}
 y - 2 scrolls of fear
 C - a scroll of vulnerability {unknown}
 D - a scroll of enchant weapon {unknown}
 H - a scroll of silence {unknown}
 M - a scroll of torment {unknown}
Potions
 c - a potion of resistance {unknown}
 d - a potion of might
 h - 3 potions of invisibility
 i - 4 potions of curing
 j - 2 potions of mutation
 n - 2 potions of heal wounds {unknown}
 t - 2 potions of magic
 w - 2 potions of agility
 z - 4 potions of cancellation {unknown}
 A - 3 potions of haste {unknown}
 B - 4 potions of lignification
 E - a potion of ambrosia {unknown}
 K - a potion of flight {unknown}
 L - a potion of degeneration {unknown}
Comestibles
 f - 21 rations


   Skills:
 + Level 10.8(15.8) Fighting
 * Level 13.9(18.9) Axes
 + Level 10.8(15.8) Armour
   Level 3.6(8.6) Shields
 + Level 5.1 Invocations


You had 10 spell levels left.
You didn't know any spells.
Your spell library contained the following spells:

 Spells                   Type           Power        Failure   Level  Hunger
 Magic Dart               Conj           #...         98%         1    ##.....
 Blink                    Tloc           N/A          99%         2    ###....
 Call Imp                 Summ           #.......     99%         2    ###....
 Slow                     Hex            #.......     99%         2    ###....
 Conjure Flame            Conj/Fire      #.......     100%        3    ####...
 Mephitic Cloud           Conj/Pois/Air  #.......     100%        3    ####...


Dungeon Overview and Level Annotations

Branches:
Dungeon (11/15)            Temple (1/1) D:4            Lair (1/6) D:9
    Orc: D:9-12

Altars:
Ashenzari
Cheibriados
Dithmenos
Elyvilon
Fedhas
Gozag
Hepliaklqana
Kikubaaqudgha
Makhleb
Nemelex Xobeh
Okawaru
Qazlal
Ru
Sif Muna
Trog
Uskayaw
Vehumet
Wu Jian
Xom
Yredelemnul
Zin
The Shining One

Shops:
D:5 :   D:10 *([

Annotations:
D:7 exclusion: statue


Innate Abilities, Weirdness & Mutations

You reflexively headbutt those who attack you in melee.
You have a pair of horns on your head.
You are agile. (Dex +2)
Your muscles are strong. (Str +2)


Message History

Your unstable footing causes you to fumble your attack.
The electric eel shoots out a bolt of lightning at you!
The bolt of electricity hits the plant.
The bolt of electricity hits you!
* * * LOW HITPOINT WARNING * * *
The bolt of electricity hits you!
The electric eel shoots out a bolt of lightning at you!
The bolt of electricity misses you.
The bolt of electricity hits the bush. x2
The electric eel shoots out a bolt of lightning at you!
The bolt of electricity hits the electric eel.
The electric eel completely resists.
The bolt of electricity hits you!
* * * LOW HITPOINT WARNING * * *
The electric eel shoots out a bolt of lightning at you!
The bolt of electricity hits the plant.
The bolt of electricity hits you!
* * * LOW HITPOINT WARNING * * *
The electric eel shoots out a bolt of lightning at you!
The bolt of electricity hits you!
* * * LOW HITPOINT WARNING * * *
The electric eel shoots out a bolt of lightning at you!
The bolt of electricity hits you!
You die...

#####........#
.............##
.............[#
.....#..##...##
... #...#...# .#.
#...+...## #..
#...+...P#
#...#...#...##
#......@#....#
#.......#..♣♣♣♣
#....≈≈;;≈;≈PP♣
#....≈P≈PPP≈≈≈≈≈
#......P≈≈≈≈≈≈≈≈≈
....%..P≈P≈≈≈≈≈≈≈
.....≈P≈P≈≈≈;≈≈≈
......≈≈P≈≈≈≈≈≈≈
......P≈≈P≈≈≈≈≈≈


You could see 3 electric eels.

Vanquished Creatures
  A two-headed ogre (D:9)
  Pikel (D:7)
  A gargoyle (D:10)
  A hornet (D:9)
  A troll (D:10)
  Sigmund (D:6)
  9 yaks (D:10)
  A wraith (D:7)
  A wyvern (D:8)
  Edmund (D:4)
  Menkaure (D:4)
  A water moccasin (D:8)
  A slave (D:7)
  3 sky beasts
  4 black bears
  8 orc warriors
  A hornet zombie (D:7)
  5 ice beasts
  A phantom (D:10)
  An ogre (D:6)
  5 centaurs
  A big kobold (D:7)
  3 bullfrogs
  A gnoll sergeant (D:8)
  A wyvern skeleton (D:8)
  2 scorpions
  11 killer bees
  4 wights (D:7)
  2 howler monkeys (D:10)
  4 bullfrog zombies
  6 crimson imps
  5 hounds
  10 orc priests
  Crazy Yiuf (D:2)
  8 jellies
  14 orc wizards
  A bullfrog skeleton (D:4)
  3 centaur skeletons
  An iguana (D:8)
  7 worker ants
  A hound zombie (D:4)
  2 hound skeletons
  A howler monkey zombie (D:7)
  13 adders
  11 gnolls
  2 shadow imps
  5 oozes (D:8)
  An adder zombie (D:9)
  7 worms
  5 dart slugs
  5 leopard geckos
  39 orcs
  5 giant cockroaches
  5 goblins
  5 hobgoblins
  7 jackals
  5 quokkas
  4 ball pythons
  7 bats
  A frilled lizard (D:3)
  3 kobolds
  A leopard gecko skeleton (D:8)
  A quokka skeleton (D:7)
  2 quokka zombies
  7 rats
  3 fungi (D:2)
282 creatures vanquished.

Vanquished Creatures (others)
  A slave (D:7)
  A shadow imp (D:7)
  A leopard gecko (D:7)
  An orc (D:7)
4 creatures vanquished.

Grand Total: 286 creatures vanquished

Notes
Turn   | Place    | Note
-------+----------+-------------------------------------------
     0 | D:1      | Maize the Minotaur Fighter began the quest for the Orb.
     0 | D:1      | Reached XP level 1. HP: 19/19 MP: 0/0
   214 | D:1      | Reached XP level 2. HP: 27/27 MP: 1/1
   224 | D:1      | Reached skill level 3 in Axes
   551 | D:1      | Reached XP level 3. HP: 33/33 MP: 2/2
   798 | D:2      | Found a faded altar of an unknown god.
   963 | D:2      | Reached skill level 4 in Axes
  1170 | D:2      | Reached XP level 4. HP: 30/41 MP: 3/3
  2005 | D:2      | Found a runed door.
  2009 | D:2      | Noticed Crazy Yiuf
  2013 | D:2      | Killed Crazy Yiuf
  2013 | D:2      | Reached XP level 5. HP: 47/47 MP: 4/4
  2090 | D:3      | Found a burning altar of Makhleb.
  2232 | D:3      | Reached skill level 5 in Axes
  2618 | D:3      | Noticed an orc warrior
  2628 | D:3      | Killed an orc warrior
  2628 | D:3      | Reached skill level 5 in Fighting
  2628 | D:3      | Reached skill level 5 in Armour
  2628 | D:3      | Reached XP level 6. HP: 19/56 MP: 5/5
  2766 | D:3      | Found a sparkling altar of Nemelex Xobeh.
  3072 | D:4      | Reached skill level 6 in Axes
  3314 | D:4      | Noticed Edmund
  3331 | D:4      | Killed Edmund
  3331 | D:4      | Reached XP level 7. HP: 38/62 MP: 6/6
  3464 | D:4      | Reached skill level 7 in Axes
  3838 | D:4      | Found a staircase to the Ecumenical Temple.
  3856 | Temple   | Entered the Ecumenical Temple
  4100 | D:4      | Noticed Menkaure
  4106 | D:4      | Killed Menkaure
  4479 | D:4      | Found an ornate altar of the Wu Jian Council.
  4563 | D:5      | Entered Level 5 of the Dungeon
  4572 | D:5      | Reached skill level 8 in Axes
  4603 | D:5      | Found a shadowy altar of Dithmenos.
  4611 | D:5      | Found Loijiheg's Book Shoppe.
  4624 | D:5      | Reached XP level 8. HP: 67/71 MP: 7/7
  5681 | D:6      | Found a glowing silver altar of Zin.
  5818 | D:6      | Noticed Sigmund
  5824 | D:6      | Killed Sigmund
  5824 | D:6      | Reached skill level 9 in Axes
  5951 | D:6      | Found an iron altar of Okawaru.
  5962 | D:6      | Became a worshipper of Warmaster Okawaru
  6045 | D:7      | Found a snail-covered altar of Cheibriados.
  6046 | D:7      | Found a white marble altar of Elyvilon.
  6048 | D:7      | Found a blossoming altar of Fedhas.
  6216 | D:7      | Found a hazy altar of Hepliaklqana.
  6235 | D:7      | Reached skill level 10 in Axes
  6357 | D:7      | Reached XP level 9. HP: 76/81 MP: 8/8
  6483 | D:7      | Noticed Pikel
  6511 | D:7      | Reached * piety under Okawaru
  6513 | D:7      | Killed Pikel
  6543 | D:7      | Reached skill level 11 in Axes
  6917 | D:8      | Reached skill level 1 in Invocations
  7320 | D:8      | Reached ** piety under Okawaru
  7604 | D:7      | Reached skill level 12 in Axes
  7604 | D:7      | Reached XP level 10. HP: 63/91 MP: 10/10
  7801 | D:7      | Found a radiant altar of Vehumet.
  8048 | D:7      | Found an opulent altar of Gozag.
  8049 | D:7      | Found a glowing golden altar of the Shining One.
  9188 | D:8      | Reached *** piety under Okawaru
  9370 | D:9      | Got a fine chain mail
  9394 | D:8      | Identified the +1 chain mail of the Alphagorgon {rElec
                  | Str+7 Slay-4} (You found it on level 9 of the Dungeon)
  9655 | D:9      | Noticed a two-headed ogre
  9665 | D:9      | Killed a two-headed ogre
  9665 | D:9      | Reached skill level 10 in Fighting
  9665 | D:9      | Reached skill level 13 in Axes
  9665 | D:9      | Reached skill level 10 in Armour
  9906 | D:9      | Found a staircase to the Lair.
 10065 | D:9      | Reached **** piety under Okawaru
 10097 | D:9      | Found a shattered altar of Ashenzari.
 10238 | D:9      | Found a sacrificial altar of Ru.
 10512 | D:10     | Entered Level 10 of the Dungeon
 10575 | D:10     | Found Faxiheq's Antique Armour Shoppe.
 10744 | D:10     | Noticed a gargoyle
 10746 | D:10     | Found Afucouv's Weapon Shop.
 10753 | D:10     | Killed a gargoyle
 10753 | D:10     | Reached XP level 11. HP: 54/101 MP: 13/13
 10836 | D:10     | Reached ***** piety under Okawaru
 11207 | D:10     | Found Ecuimef's Assorted Antiques.
 11217 | D:10     | Gained mutation: Your muscles are strong. (Str +2) [potion
                  | of mutation]
 11217 | D:10     | Gained mutation: You are agile. (Dex +2) [potion of
                  | mutation]
 11533 | D:10     | Received a gift from Okawaru
 11537 | D:10     | Reached skill level 5 in Invocations
 12421 | Lair:1   | Entered Level 1 of the Lair of Beasts
 12466 | Lair:1   | HP: 5/101 [electric eel/bolt of electricity (9)]
 12467 | Lair:1   | Killed from afar by an electric eel

Vault maps used:
D:1:      nicolae_arrival_somewhat_less_tricky_arrival, minmay_hedge_maze
D:2:      chequers_ecumenical_altar_simple, minmay_cut_off,
          uniq_crazy_yiuf_cottage
D:3:      nicolae_overflow_crystal_walls, marbit_many_paths, nrook_loot_triangle
D:4:      lemuel_coloured_pillars_altar, minmay_temple_entry_slanted,
          uniq_edmund, uniq_menkaure
D:5:      overflow_temple_1_default, first_ration, serial_shops, shop
D:6:      kennysheep_okawaru_gauntlet, basic_altar, uniq_sigmund
D:7:      minmay_thick_lines, vehumet_statue, grunt_temple_overflow_open,
          gammafunk_temple_overflow_wave, uniq_pikel
D:8:      hangedman_little_slice_of_home
D:9:      lemuel_upstairs_altar, nicolae_ru_awakened_eye, lair_entry_dummy,
          serial_rivers, chequers_serial_rivers_micro_e,
          chequers_serial_rivers_micro_d, chequers_serial_rivers_small_b,
          chequers_serial_rivers_micro_d, chequers_serial_rivers_room_a,
          chequers_serial_rivers_room_a, cheibrodos_ashenzari_chains
D:10:     serial_shops, shop_fountains, nicolae_shop_crystal, shop,
          minmay_holes, grunt_decor_arrowhead
D:11:     basic_altar, serial_glass, glass_columns_c, glass_columns_b,
          glass_columns_b, glass_columns_a, glass_columns_a, glass_columns_a,
          serial_shops, nicolae_shop_window_shopping
Temple:   nicolae_temple_figure_zero
Lair:1:   chequers_serial_rivers_small_a, minmay_lair_oklob_bushes,
          minmay_stone_trees_medium, serial_bayou_shore_a, grunt_megastairs_5,
          lemuel_fruit_tree

Skill      XL: |  1  2  3  4  5  6  7  8  9 10 11 |
---------------+----------------------------------+-----
Axes           | 3 4 5 6 8 10 12 13 | 13.9
Fighting       | 4 5 6 7 9 10 | 10.8
Armour         | 4 5 6 7 9 10 | 10.8
Invocations    | 2 4 5 |  5.1
Shields        | |  3.6

Action                   |  1- 3 |  4- 6 |  7- 9 | 10-12 || total
-------------------------+-------+-------+-------+-------++-------
Melee: War axe           |    64 |   171 |   310 |   173 ||   718
       Headbutt          |     8 |    29 |    65 |    62 ||   164
       Punch             |       |       |     1 |       ||     1
       Battleaxe         |       |       |       |   131 ||   131
Invok: Heroism           |       |       |     2 |     1 ||     3
  Use: Scroll            |       |       |    10 |     2 ||    12
       Potion            |       |       |       |     1 ||     1
  Eat: Chunk             |     1 |     7 |    14 |    11 ||    33
       Ration            |       |       |       |     1 ||     1
Armor: Scale mail        |    43 |    11 |       |       ||    54
       Plate armour      |       |   104 |   225 |   243 ||   572
Dodge: Dodged            |    41 |    49 |   137 |   109 ||   336

Table legend:
 A = Non-vault XP
 B = Vault XP
 C = Vault XP percentage of total XP
 D = Non-vault monster count
 E = Vault monster count
 F = Vault count percentage of total count
                 A         B        C        D         E       F
            +---------+---------+-------+---------+---------+-------
      Total |   12296 |    1971 |  13.8 |     255 |      23 |   8.3
            +---------+---------+-------+---------+---------+-------
        D:1 |      45 |       0 |   0.0 |      18 |       0 |   0.0
        D:2 |     122 |      55 |  31.1 |      23 |       5 |  17.9
        D:3 |      83 |     130 |  61.0 |      18 |       1 |   5.3
        D:4 |     513 |     315 |  38.0 |      30 |       2 |   6.2
        D:5 |     424 |       0 |   0.0 |      14 |       0 |   0.0
        D:6 |     361 |     208 |  36.6 |       9 |       1 |  10.0
        D:7 |    1965 |    1097 |  35.8 |      43 |       6 |  12.2
        D:8 |    2039 |     166 |   7.5 |      37 |       8 |  17.8
        D:9 |    2328 |       0 |   0.0 |      22 |       0 |   0.0
       D:10 |    4416 |       0 |   0.0 |      41 |       0 |   0.0
            +---------+---------+-------+---------+---------+-------
